 Dungeon Crawl Stone Soup version 0.15.0-14-g6bbbb5c (console) character file.

30 gw the Covered (level 3, -2/34 HPs)
             Began as a Deep Dwarf Fighter on Sept 4, 2014.
             Killed from afar by superterranean's ghost (11 damage)
             ... with a spray of energy
             ... on Level 3 of the Dungeon.
             The game lasted 00:00:43 (1578 turns).

gw the Covered (Deep Dwarf Fighter)                 Turns: 1578, Time: 00:00:43

HP  -2/34        AC 10     Str 21      XL: 3   Next:  5%
MP   3/3         EV  7     Int  8      God:
Gold 0           SH  0     Dex 13      Spells:  0 memorised,  2 levels left

rFire  . . .     SeeInvis .     a - +0 war axe
rCold  . . .     Clarity  .     m - +0 chain mail
rNeg   . . .     rCorr    .     (no shield)
rPois  .         rRot     .     n - +0 helmet
rElec  .         Spirit   .     (no cloak)
SustAb .         Warding  .     (no gloves)
rMut   .         Stasis   .     (no boots)
Gourm  .                        p - amulet of rage
MR     .....                    (no ring)
                                c - +2 ring of strength

@: confused, non-regenerating, not resistant to hostile enchantments, extremely
unstealthy
A: damage resistance, recharge devices, sense surroundings 1, slow healing 3
a: Device Recharging, Evoke Berserk Rage


You were on level 3 of the Dungeon.
You were not hungry.

You visited 1 branch of the dungeon, and saw 3 of its levels.

Inventory:

Hand weapons
 a - a +0 war axe (weapon)
Missiles
 g - 21 stones (quivered)
Armour
 m - a +0 chain mail (worn)
 n - a +0 helmet (worn)
Magical devices
 d - a wand of heal wounds (5)
Comestibles
 f - 2 bread rations
 j - a slice of pizza
Scrolls
 k - 2 scrolls of identify
Jewellery
 c - a +2 ring of strength (left hand)
 p - an amulet of rage (around neck)
Potions
 b - a potion of agility {unknown}
 e - a potion of might
 h - 3 potions of curing


   Skills:
 + Level 3.0 Fighting
 * Level 3.0 Axes
 + Level 0.8 Throwing
 + Level 3.4 Armour
   Level 3.2 Shields


You had 2 spell levels left.
You didn't know any spells.

Dungeon Overview and Level Annotations

Branches:
Dungeon (3/15)

Altars:
The Shining One

Annotations:
D:3 superterranean's ghost, average DECj


Innate Abilities, Weirdness & Mutations

You are resistant to damage.
You can recharge devices by infusing magical energy.
You passively map a small area around you.
You do not heal naturally.


Message History

The jackal closely misses you.
MOVING TO (-2,-4) Superterranean's ghost gestures at you while chanting.
The spray of energy hits you!
You are confused.
The jackal bites you but does no damage.
MOVING TO (-2,-3)
The jackal bites you but does no damage.
The jackal closely misses you.
MOVING TO (-1,-2)
You hit superterranean's ghost.
Superterranean's ghost is moderately damaged.
The jackal bites you but does no damage.
The jackal bites you.
Superterranean's ghost lets out a mournful wail.
The jackal bites you but does no damage.
The jackal bites you.
Superterranean's ghost casts a spell at you.
The spray of energy hits you!
You die...

#.##...##.##...###.#.... *
,
#.####.##....#.###....##**
#.# #.##..###.#....#...
#.# ##.....###......#### ,
, #.# #..............## **
#..............# *
#......###.##..# ,
######)........# *
#....Wgh#.# * **
#.....hh#.# *
#.....l.#.####.# *,
#......(.......# * *
#.......#.###### , ,
##.....##.# * #.....# #
......### , #.....# ,


You could see superterranean's ghost, a giant gecko and 3 jackals.

Table legend:
 A = Turns spent in this place as a percentage of turns spent in the entire game.
 B = Non-inter-level travel turns spent in this place as a percentage of non-inter-level travel turns spent in the entire game.
 C = Inter-level travel turns spent in this place as a percentage of turns spent in this place.
 D = Turns resting spent in this place as a percentage of non-inter-level travel turns spent in this place.
 E = Turns spent auto-exploring this place as a percentage of non-inter-level travel turns spent in this place.
 F = Non-inter-level travel turns spent in this place divided by the number of levels of this place that you've seen.
                   A       B       C       D       E      F
               +-------+-------+-------+-------+-------+----------------------
         Total | 100.0 | 100.0 |   0.6 |   0.0 |  18.8 | 120.3
       Dungeon | 100.0 | 100.0 |   0.6 |   0.0 |  18.8 | 120.3
               +-------+-------+-------+-------+-------+----------------------

Table legend:
 A = Kills in this place as a percentage of kills in entire the game.
 B = Kills by you in this place as a percentage of kills by you in the entire game.
 C = Kills by friends in this place as a percentage of kills by friends in the entire game.
 D = Other kills in this place as a percentage of other kills in the entire game.
 E = Experience gained in this place as a percentage of experience gained in the entire game.
 F = Experience gained in this place divided by the number of levels of this place that you have seen.
                   A       B       C       D       E      F
               +-------+-------+-------+-------+-------+----------------------
         Total | 100.0 | 100.0 |  -nan |  -nan | 100.0 |  14.7
       Dungeon | 100.0 | 100.0 |  -nan |  -nan | 100.0 |  14.7
               +-------+-------+-------+-------+-------+----------------------

Vanquished Creatures
  2 giant cockroaches (D:1)
  3 goblins
  5 hobgoblins
  6 jackals (D:1)
  5 bats
  2 giant newts
  A quokka (D:2)
  4 rats
28 creatures vanquished.

Notes
Turn   | Place    | Note
--------------------------------------------------------------
     0 | D:1      | gw, the Deep Dwarf Fighter, began the quest for the Orb.
     0 | D:1      | Reached XP level 1. HP: 20/20 MP: 1/1
   295 | D:1      | Reached XP level 2. HP: 27/27 MP: 2/2
  1284 | D:2      | Found a glowing golden altar of the Shining One.
  1289 | D:2      | Reached XP level 3. HP: 34/34 MP: 3/3
  1533 | D:3      | Noticed superterranean's ghost (average DECj)
  1578 | D:3      | Killed from afar by superterranean's ghost

Action                   || total
-------------------------++-------
Melee: War axe           ||    65
Throw: Stone             ||    53
  Use: Scroll            ||     4
       Potion            ||     2
  Eat: Chunk             ||     2

Vault maps used:
D:1:      mrwooster_arrival_arrow
D:2:      first_bread, nicolae_tso_swordbearing_angel
D:3:      uniq_jessica, uniq_iyjb
